ORI
UNIVERSITY OF OKLAHOMA SOONERS @ LOUISIANA STATE UNIVERSITY TIGERS
07/21/2046
 
TOP OF THE 1ST
University of Georgia Bulldogs batting - Pitching for University of Miami Hurricanes : RHP Jim Unknown
Pitching: RHP Jim Unknown
Batting: SHB Jim Unknown 0-0: Ground out 6-3 (Groundball, P, EV 85.0 MPH)
Batting: RHB Jim Unknown 0-0: Reached on error, E5 (Groundball, 56, EV 84.4 MPH)
Batting: LHB Jim Unknown 0-0: SINGLE (Groundball, 34D, EV 96.2 MPH)
Jim Unknown to second
Runner from 2nd tries for 3rd, SAFE, throw by RF made to third
Batting: RHB Jim Unknown 0-0: Ball
1-0: Called Strike
1-1: Ball
2-1: Ball
3-1: Reached on error, E7 (Flyball, 7LS, EV 80.0 MPH)
Jim Unknown scores
Jim Unknown to second
Batting: RHB Jim Unknown 0-0: Ball
1-0: Swinging Strike
1-1: Ball
2-1: Ball
3-1: Called Strike
3-2: Base on Balls
Jim Unknown to third
Jim Unknown to second
Batting: RHB Jim Unknown 0-0: Ball
1-0: Ball
2-0: Called Strike
2-1: Ball
3-1: Called Strike
3-2: Strikes out swinging
Batting: RHB Jim Unknown 0-0: Foul Ball, location: 2F
0-1: Ball
1-1: Ball
2-1: Foul Ball, location: 2F
2-2: Ball
3-2: DOUBLE (Line Drive, 9LD, EV 105.0 MPH)
Jim Unknown scores
Jim Unknown scores
Jim Unknown to third
Jim Unknown scores
Batting: LHB Jim Unknown 0-0: Ball
1-0: Foul Ball, location: 2F
1-1: Foul Ball, location: 2F
1-2: Foul Ball, location: 2F
1-2: Ball
2-2: Foul Ball, location: 2F
2-2: Foul Ball, location: 2F
2-2: Foul Ball, location: 2F
2-2: Ball
3-2: Ground out 4-3 (Groundball, 34, EV 83.8 MPH)
Top of the 1st over - 4 runs, 2 hits, 2 errors, 1 left on base; University of Georgia 4 - University of Miami 0
BOTTOM OF THE 1ST
University of Miami Hurricanes batting - Pitching for University of Georgia Bulldogs : RHP Jim Unknown
Pitching: RHP Jim Unknown
Batting: RHB Jim Unknown 0-0: Ball
1-0: Called Strike
1-1: SINGLE (Groundball, P, EV 92.5 MPH) (infield hit)
Batting: LHB Jim Unknown 0-0: Ball
1-0: Foul Ball, location: 2F
1-1: Ball
2-1: SINGLE (Groundball, 34D, EV 101.9 MPH)
Jim Unknown to second
Runner from 2nd tries for 3rd, SAFE, throw by RF made to third
Batting: RHB Jim Unknown 0-0: Foul Ball, location: 2F
0-1: Foul Ball, location: 2F
0-2: Ball
1-2: Foul Ball, location: 2F
1-2: Ball
2-2: Ball
3-2: DOUBLE (Flyball, 89XD, EV 104.4 MPH)
Jim Unknown scores
Jim Unknown to third
Batting: SHB Jim Unknown 0-0: SINGLE (Groundball, 4M, EV 99.4 MPH) (infield hit)
Jim Unknown scores
Jim Unknown to third
Batting: RHB Jim Unknown 0-0: Fielders Choice at 2nd, 5-4 (Groundball, 56, EV 86.2 MPH)
Jim Unknown scores
Batting: RHB Jim Unknown 0-0: Ball
1-0: Called Strike
1-1: Ball
2-1: Fly out, F9 (Flyball, 89M, EV 83.1 MPH)
Batting: LHB Jim Unknown 0-0: Ball
1-0: Called Strike
1-1: Foul Ball, location: 2F
1-2: Ball
2-2: Ground out 4-3 (Groundball, 4, EV 87.5 MPH)
Bottom of the 1st over - 3 runs, 4 hits, 0 errors, 1 left on base; University of Georgia 4 - University of Miami 3
TOP OF THE 2ND
University of Georgia Bulldogs batting - Pitching for University of Miami Hurricanes : RHP Jim Unknown
Batting: LHB Jim Unknown 0-0: Ball
1-0: Ball
2-0: Called Strike
2-1: Fly out, F8 (Flyball, 8LM, EV 90.6 MPH)
Batting: SHB Jim Unknown 0-0: Ball
1-0: Ball
2-0: Ball
3-0: Base on Balls
Batting: RHB Jim Unknown 0-0: Ball
1-0: Ball
2-0: Ball
3-0: Base on Balls
Jim Unknown to second
Batting: LHB Jim Unknown 0-0: Ball
1-0: Ball
2-0: Ball
3-0: Called Strike
3-1: SINGLE (Groundball, 6MD, EV 105.0 MPH)
Jim Unknown to third
Jim Unknown to second
Runner from 3rd tries for Home, SAFE, throw by CF to home
Pitching: RHP Jim Unknown
Batting: RHB Jim Unknown 0-0: Called Strike
0-1: Swinging Strike
0-2: Fielders Choice at 2nd, 6-4 (Groundball, 6, EV 103.1 MPH)
Jim Unknown to third
Batting: RHB Jim Unknown 0-0: Ball
Pickoff Throw to First - Out! 1-3
Top of the 2nd over - 1 run, 1 hit, 0 errors, 1 left on base; University of Georgia 5 - University of Miami 3
BOTTOM OF THE 2ND
University of Miami Hurricanes batting - Pitching for University of Georgia Bulldogs : RHP Jim Unknown
Batting: RHB Jim Unknown 0-0: Foul Ball, location: 2F
0-1: Ball
1-1: Foul Ball, location: 2F
1-2: Ball
2-2: TRIPLE (Flyball, 7LD, EV 110.0 MPH)
Batting: RHB Jim Unknown 0-0: Ball
1-0: Foul Ball, location: 2F
1-1: SINGLE (Groundball, 6MD, EV 101.9 MPH)
Jim Unknown scores
Batting: RHB Jim Unknown 0-0: Ball
1-0: Foul Ball, location: 2F
1-1: Ball
2-1: Ball
3-1: SINGLE (Groundball, 34S, EV 85.6 MPH) (infield hit)
Jim Unknown to second
Batting: LHB Jim Unknown 0-0: Reached on error, E4 (Groundball, 4M, EV 96.9 MPH)
Jim Unknown to third
Jim Unknown to second
Batting: RHB Jim Unknown 0-0: Called Strike
0-1: Foul Ball, location: 2F
0-2: DOUBLE (Line Drive, 5D, EV 104.4 MPH)
Jim Unknown scores
Jim Unknown scores
Jim Unknown to third
Pitching: LHP Jim Unknown
Batting: SHB Jim Unknown 0-0: Ball
1-0: Ball
2-0: Foul Ball, location: 2F
2-1: Ball
3-1: Called Strike
3-2: Base on Balls
Batting: RHB Jim Unknown 0-0: Ball
1-0: Fielders Choice at 2nd, 6-4 (Groundball, 6, EV 108.1 MPH)
Jim Unknown scores
Jim Unknown to third
Batting: RHB Jim Unknown 0-0: Called Strike
0-1: Ball
1-1: Swinging Strike
1-2: Foul Ball, location: 2F
1-2: Reached on error, E6 (Groundball, 6, EV 103.8 MPH)
Jim Unknown scores
Jim Unknown to second
Batting: LHB Jim Unknown 0-0: Called Strike
0-1: Swinging Strike
0-2: Ball
1-2: Ball
2-2: Fielders Choice at 2nd, 3-6 (Groundball, 34S, EV 91.9 MPH)
Jim Unknown to third
Batting: RHB Jim Unknown 0-0: Ball
1-0: Ball
2-0: Called Strike
2-1: Ball
3-1: Base on Balls
Jim Unknown to second
Batting: RHB Jim Unknown 0-0: Ball
1-0: Ball
2-0: Called Strike
2-1: Foul Ball, location: 2F
2-2: Ball
3-2: Foul Ball, location: 2F
3-2: Strikes out swinging
Bottom of the 2nd over - 5 runs, 4 hits, 2 errors, 3 left on base; University of Georgia 5 - University of Miami 8
TOP OF THE 3RD
University of Georgia Bulldogs batting - Pitching for University of Miami Hurricanes : RHP Jim Unknown
Batting: RHB Jim Unknown 0-0: Called Strike
0-1: Called Strike
0-2: Ball
1-2: Ball
2-2: Fly out, F2 (Popup, 25F, EV 90.6 MPH)
Batting: RHB Jim Unknown 0-0: Called Strike
0-1: Ball
1-1: Ground out 6-3 (Groundball, 6, EV 79.4 MPH)
Batting: RHB Jim Unknown 0-0: Called Strike
0-1: Ball
1-1: Foul Ball, location: 2F
1-2: Ball
2-2: Ground out 5-3 (Groundball, 25, EV 90.0 MPH)
Top of the 3rd over - 0 runs, 0 hits, 0 errors, 0 left on base; University of Georgia 5 - University of Miami 8
BOTTOM OF THE 3RD
University of Miami Hurricanes batting - Pitching for University of Georgia Bulldogs : LHP Jim Unknown
Batting: RHB Jim Unknown 0-0: Ball
1-0: Swinging Strike
1-1: Foul Ball, location: 2F
1-2: Foul Ball, location: 2F
1-2: Foul Ball, location: 2F
1-2: Ball
2-2: Ball
3-2: Foul Ball, location: 2F
3-2: Reached on error, E6 (Groundball, 6, EV 83.8 MPH)
Batting: LHB Jim Unknown 0-0: Ball
1-0: SINGLE (Line Drive, 8LS, EV 99.4 MPH)
Jim Unknown to second
Runner from 2nd tries for 3rd, SAFE, throw by CF made to third
Batting: RHB Jim Unknown 0-0: Hit by Pitch
Jim Unknown to second
Batting: SHB Jim Unknown 0-0: Fly out, F9 (Flyball, 9LM, EV 85.0 MPH)
Runner from 3rd tags up, SCORES, no throw by RF
Batting: RHB Jim Unknown 0-0: Called Strike
0-1: Called Strike
0-2: Ground out 5-3 (Groundball, 56S, EV 66.2 MPH)
Jim Unknown to third
Jim Unknown to second
Batting: RHB Jim Unknown 0-0: Called Strike
0-1: Ball
1-1: Ball
2-1: Called Strike
2-2: Reached on error, E1 (Groundball, 15S, EV 69.4 MPH)
Jim Unknown scores
Jim Unknown to third
Batting: LHB Jim Unknown 0-0: Called Strike
0-1: Ball
1-1: Called Strike
1-2: Foul Ball, location: 2F
1-2: Ball
2-2: Ball
3-2: Ground out 6-3 (Groundball, 6, EV 82.5 MPH)
Bottom of the 3rd over - 2 runs, 1 hit, 2 errors, 2 left on base; University of Georgia 5 - University of Miami 10
TOP OF THE 4TH
University of Georgia Bulldogs batting - Pitching for University of Miami Hurricanes : RHP Jim Unknown
Batting: LHB Jim Unknown 0-0: Swinging Strike
0-1: Foul Ball, location: 2F
0-2: Reached on error, E4 (Groundball, 4M, EV 85.0 MPH)
Batting: LHB Jim Unknown 0-0: Ball
1-0: Called Strike
1-1: Ball
2-1: Ball
3-1: Foul Ball, location: 2F
3-2: Strikes out swinging
Batting: SHB Jim Unknown 0-0: Ball
1-0: Called Strike
1-1: Called Strike
1-2: Foul Ball, location: 7LSF, Error on foul ball, E7
1-2: Ball
2-2: Ball
3-2: Base on Balls
Jim Unknown to second
Batting: RHB Jim Unknown 0-0: Ball
Wild Pitch!
Jim Unknown to third
Jim Unknown to second
1-0: Swinging Strike
1-1: Ball
2-1: Foul Ball, location: 2F
2-2: Ball
3-2: Base on Balls
Batting: LHB Jim Unknown 0-0: Foul Ball, location: 2F
0-1: Swinging Strike
0-2: Ball
1-2: Foul Ball, location: 2F
1-2: Ball
2-2: Foul Ball, location: 2F
2-2: Foul Ball, location: 2F
2-2: Ball
3-2: Grounds into double play, 6-4-3 (Groundball, 6, EV 99.4 MPH)
Top of the 4th over - 0 runs, 0 hits, 2 errors, 2 left on base; University of Georgia 5 - University of Miami 10
BOTTOM OF THE 4TH
University of Miami Hurricanes batting - Pitching for University of Georgia Bulldogs : LHP Jim Unknown
Batting: RHB Jim Unknown 0-0: Ball
1-0: Ball
2-0: Ball
3-0: Called Strike
3-1: Called Strike
3-2: Fly out, F4 (Popup, 13, EV 84.4 MPH)
Pitching: RHP Jim Unknown
Batting: RHB Jim Unknown 0-0: Ball
1-0: Swinging Strike
1-1: Fly out, F9 (Flyball, 9LS, EV 92.5 MPH)
Batting: RHB Jim Unknown 0-0: Ball
1-0: Swinging Strike
1-1: Ball
2-1: SINGLE (Groundball, 56S, EV 66.9 MPH) (infield hit)
Batting: LHB Jim Unknown 0-0: Called Strike
Jim Unknown is caught stealing 2nd base 2-6
Bottom of the 4th over - 0 runs, 1 hit, 0 errors, 0 left on base; University of Georgia 5 - University of Miami 10
TOP OF THE 5TH
University of Georgia Bulldogs batting - Pitching for University of Miami Hurricanes : RHP Jim Unknown
Batting: RHB Jim Unknown 0-0: Ball
1-0: Ball
2-0: Ball
3-0: Called Strike
3-1: Base on Balls
Pitching: LHP Jim Unknown
Batting: RHB Jim Unknown 0-0: Ball
1-0: Foul Ball, location: 2F
1-1: Called Strike
1-2: Foul Ball, location: 2F
1-2: Strikes out swinging
Batting: RHB Jim Unknown 0-0: Foul Ball, location: 2F
0-1: Ball
1-1: Fly out, F4 (Popup, 34, EV 60.6 MPH)
Batting: RHB Jim Unknown 0-0: Called Strike
0-1: Called Strike
0-2: Ball
1-2: Strikes out swinging
Top of the 5th over - 0 runs, 0 hits, 0 errors, 1 left on base; University of Georgia 5 - University of Miami 10
BOTTOM OF THE 5TH
University of Miami Hurricanes batting - Pitching for University of Georgia Bulldogs : RHP Jim Unknown
Batting: LHB Jim Unknown 0-0: Fly out, F7 (Flyball, 7S, EV 84.4 MPH)
Batting: RHB Jim Unknown 0-0: Ball
1-0: Foul Ball, location: 2F
1-1: Called Strike
1-2: Ball
2-2: Strikes out looking
Batting: SHB Jim Unknown 0-0: Ball
1-0: Ball
2-0: Called Strike
2-1: Foul Ball, location: 2F
2-2: Strikes out swinging
Bottom of the 5th over - 0 runs, 0 hits, 0 errors, 0 left on base; University of Georgia 5 - University of Miami 10
TOP OF THE 6TH
University of Georgia Bulldogs batting - Pitching for University of Miami Hurricanes : LHP Jim Unknown
Batting: LHB Jim Unknown 0-0: Ball
1-0: Swinging Strike
1-1: Ball
2-1: Ground out 5-3 (Groundball, 5, EV 101.9 MPH)
Batting: LHB Jim Unknown 0-0: Called Strike
0-1: Foul Ball, location: 2F
0-2: Ball
1-2: Ground out 6-3 (Groundball, 6, EV 93.1 MPH)
Batting: SHB Jim Unknown 0-0: Called Strike
0-1: Ball
1-1: Foul Ball, location: 2F
1-2: Ball
2-2: Ball
3-2: Ground out 5-3 (Groundball, 56S, EV 87.5 MPH)
Top of the 6th over - 0 runs, 0 hits, 0 errors, 0 left on base; University of Georgia 5 - University of Miami 10
BOTTOM OF THE 6TH
University of Miami Hurricanes batting - Pitching for University of Georgia Bulldogs : RHP Jim Unknown
Batting: RHB Jim Unknown 0-0: Fly out, F5 (Line Drive, 6, EV 67.5 MPH)
Pinch Hitting: RHB Jim Unknown 0-0: Ball
1-0: Fly out, F8 (Flyball, 89D, EV 89.4 MPH)
Batting: LHB Jim Unknown 0-0: Swinging Strike
0-1: SINGLE (Groundball, 56, EV 107.5 MPH)
Batting: RHB Jim Unknown 0-0: Called Strike
0-1: Swinging Strike
0-2: Fly out, F7 (Flyball, 7S, EV 88.8 MPH)
Bottom of the 6th over - 0 runs, 1 hit, 0 errors, 1 left on base; University of Georgia 5 - University of Miami 10
TOP OF THE 7TH
University of Georgia Bulldogs batting - Pitching for University of Miami Hurricanes : LHP Jim Unknown
Now at 1B: Jim Unknown
Batting: RHB Jim Unknown 0-0: Called Strike
0-1: Called Strike
0-2: Strikes out looking
Batting: LHB Jim Unknown 0-0: Called Strike
0-1: Called Strike
0-2: Fly out, F9 (Flyball, 9D, EV 109.4 MPH)
Batting: RHB Jim Unknown 0-0: Ball
1-0: Ball
2-0: Called Strike
2-1: Foul Ball, location: 2F
2-2: Foul Ball, location: 2F
2-2: Ball
3-2: Ground out 1-3 (Groundball, 34S, EV 75.0 MPH)
Top of the 7th over - 0 runs, 0 hits, 0 errors, 0 left on base; University of Georgia 5 - University of Miami 10
BOTTOM OF THE 7TH
University of Miami Hurricanes batting - Pitching for University of Georgia Bulldogs : RHP Jim Unknown
Batting: RHB Jim Unknown 0-0: Called Strike
0-1: Foul Ball, location: 2F
0-2: SINGLE (Flyball, 9S, EV 85.6 MPH)
Batting: RHB Jim Unknown 0-0: Ball
1-0: Ball
2-0: Ball
3-0: Base on Balls
Jim Unknown to second
Batting: LHB Jim Unknown 0-0: SINGLE (Groundball, P, EV 86.2 MPH) (infield hit)
Jim Unknown to third
Jim Unknown to second
Batting: RHB Jim Unknown 0-0: Ball
1-0: Ball
2-0: Ball
3-0: Called Strike
3-1: Base on Balls
Jim Unknown scores
Jim Unknown to third
Jim Unknown to second
Batting: SHB Jim Unknown 0-0: Ball
1-0: Ball
2-0: Ball
3-0: Called Strike
3-1: Base on Balls
Jim Unknown scores
Jim Unknown to third
Jim Unknown to second
Batting: RHB Jim Unknown 0-0: Ball
1-0: Ball
2-0: Fielders Choice at 2nd, 5-4 (Groundball, 56, EV 86.2 MPH)
Jim Unknown scores
Jim Unknown to third
Batting: RHB Jim Unknown 0-0: Called Strike
0-1: Swinging Strike
0-2: Foul Ball, location: 2F
0-2: Ball
1-2: Fly out, F3 (Line Drive, 3, EV 71.9 MPH)
Batting: LHB Jim Unknown 0-0: Ball
1-0: Ball
2-0: Called Strike
2-1: Foul Ball, location: 2F
2-2: Ball
Passed Ball!
Jim Unknown scores
Jim Unknown to second
3-2: Base on Balls
Pitching: RHP Jim Unknown
Batting: RHB Jim Unknown 0-0: Called Strike
0-1: Swinging Strike
0-2: Ball
1-2: Ball
2-2: SINGLE (Groundball, 56D, EV 105.6 MPH)
Jim Unknown to third
Jim Unknown to second
Runner from 3rd tries for Home, SAFE, throw by LF to home
Batting: RHB Jim Unknown 0-0: Ball
1-0: Ball
2-0: SINGLE (Groundball, 6MD, EV 106.2 MPH)
Jim Unknown to third
Jim Unknown to second
Runner from 3rd tries for Home, SAFE, throw by CF to home
Batting: RHB Jim Unknown 0-0: Fly out, F9 (Flyball, 89S, EV 90.0 MPH)
Bottom of the 7th over - 6 runs, 4 hits, 0 errors, 2 left on base; University of Georgia 5 - University of Miami 16
TOP OF THE 8TH
University of Georgia Bulldogs batting - Pitching for University of Miami Hurricanes : LHP Jim Unknown
Batting: RHB Jim Unknown 0-0: Ball
1-0: Ball
2-0: Ball
3-0: Called Strike
3-1: Foul Ball, location: 2F
3-2: Ground out 5-3 (Groundball, 56S, EV 82.5 MPH)
Batting: RHB Jim Unknown 0-0: Swinging Strike
0-1: Ball
1-1: Ball
2-1: Ball
3-1: Ground out U3 (Groundball, 34, EV 103.1 MPH)
Batting: RHB Jim Unknown 0-0: Called Strike
0-1: Swinging Strike
0-2: Ball
1-2: Strikes out looking
Top of the 8th over - 0 runs, 0 hits, 0 errors, 0 left on base; University of Georgia 5 - University of Miami 16
BOTTOM OF THE 8TH
University of Miami Hurricanes batting - Pitching for University of Georgia Bulldogs : RHP Jim Unknown
Batting: LHB Jim Unknown 0-0: Ball
1-0: Ball
2-0: Foul Ball, location: 2F
2-1: Fly out, F5 (Popup, 56, EV 63.1 MPH)
Batting: RHB Jim Unknown 0-0: Called Strike
0-1: Ground out 5-3 (Groundball, 56S, EV 79.4 MPH)
Batting: SHB Jim Unknown 0-0: Foul Ball, location: 2F
0-1: Ball
1-1: Foul Ball, location: 2F
1-2: Strikes out looking
Bottom of the 8th over - 0 runs, 0 hits, 0 errors, 0 left on base; University of Georgia 5 - University of Miami 16
TOP OF THE 9TH
University of Georgia Bulldogs batting - Pitching for University of Miami Hurricanes : LHP Jim Unknown
Pitching: RHP Jim Unknown
Batting: LHB Jim Unknown 0-0: SINGLE (Groundball, 3D, EV 98.1 MPH)
Batting: LHB Jim Unknown 0-0: Called Strike
0-1: Ball
1-1: Fly out, F7 (Flyball, 78M, EV 88.1 MPH)
Batting: SHB Jim Unknown 0-0: Foul Ball, location: 2F
0-1: Ball
1-1: Swinging Strike
1-2: Single, Error in OF, E7, batter to second base (Line Drive, 78S, EV 86.9 MPH)
Jim Unknown to third
Batting: RHB Jim Unknown 0-0: Swinging Strike
0-1: Ground out 5-3 (Groundball, 56S, EV 89.4 MPH)
Jim Unknown scores
Batting: LHB Jim Unknown 0-0: Called Strike
0-1: Swinging Strike
0-2: Foul Ball, location: 2F
0-2: Foul Ball, location: 2F
0-2: Foul Ball, location: 2F
0-2: Foul Ball, location: 2F
0-2: Strikes out swinging
Top of the 9th over - 1 run, 2 hits, 1 error, 1 left on base; University of Georgia 6 - University of Miami 16
Tuesday, September 13th , 2022 - OOTP Baseball 23.7 Build 88